 Dungeon Crawl Stone Soup version 0.30-a0-29-g142975f185 (webtiles) character file.

Game seed: 16762748295414729978

219 nono the Trooper (level 5, -11/44 HPs)
             Began as a Palentonga Fighter on Aug 26, 2022.
             Mangled by Duvessa
             ... wielding a +2 rapier of speed
              (19 damage)
             ... on level 4 of the Dungeon.
             The game lasted 00:06:11 (3455 turns).

nono the Trooper (Palentonga Fighter)               Turns: 3455, Time: 00:06:11

Health: -11/44     AC:  6    Str: 24    XL:     5   Next: 64%
Magic:  5/5        EV:  7    Int:  8    God:
Gold:   145        SH:  4    Dex:  9    Spells: 4/4 levels left

rFire   . . .      SeeInvis +    q - +1 dagger (venom)
rCold   . . .      Faith    .    c - +0 buckler
rNeg    . . .      Spirit   .    b - +0 scale mail
rPois   .          Reflect  .    (no helmet)
rElec   .          Harm     .    (no cloak)
rCorr   .          Rampage  .    (no gloves)
Will    .....                    (no barding)
Stlth   ..........               (no amulet)
HPRegen 0.14/turn                (no ring)
MPRegen 0.09/turn                (no ring)

@: mighty
A: large, rugged brown scales 3, see invisible, deformed body, roll 1, armoured
tail
a: Rolling Charge


You were on level 4 of the Dungeon.
You visited 1 branch of the dungeon, and saw 4 of its levels.

You collected 157 gold pieces.
You spent 12 gold pieces at shops.

Inventory:

Hand Weapons
 a - a +0 flail
 h - a +0 whip
 n - a +4 whip of flaming
 p - a +0 mace of holy wrath
 q - a +1 dagger of venom (weapon)
Armour
 b - a +0 scale mail (worn)
 c - a +0 buckler (worn)
Scrolls
 e - 2 scrolls of enchant weapon {unknown}
 i - a scroll of enchant armour {unknown}
 j - 4 scrolls of identify {unknown}
 l - a scroll of acquirement {unknown}
 o - a scroll of teleportation {unknown}
Potions
 d - 2 potions of might
 f - 2 potions of degeneration
 g - a potion of flight {unknown}
 k - a potion of curing {unknown}
 m - a potion of attraction {unknown}


   Skills:
 + Level 4.0 Fighting
 + Level 3.4 Maces & Flails
 + Level 3.3 Armour
 + Level 3.7 Shields


You had 4 spell levels left.
You didn't know any spells.
Your spell library contained the following spells:

 Spells                   Type           Power      Damage    Failure   Level
 Apportation              Tloc           0%         N/A       78%         1
 Necrotise                Necr           0%         1d4       78%         1
 Summon Small Mammal      Summ           0%         N/A       78%         1


Dungeon Overview and Level Annotations

Branches:
Dungeon (4/15)
 Temple: D:4-7

Altars:

Shops:
D:1 !([*(   D:2 :

Annotations:
D:4 1 runed translucent door, Duvessa; Flippered's ghost, amateur TeAE


Innate Abilities, Weirdness & Mutations

You are completely covered in rugged brown scales. (AC +3, +7% HP)
You have supernaturally acute eyesight. (SInv)
Armour fits poorly on your strangely shaped body.
You can roll at nearby foes to attack.
You have a long armoured tail.


Message History

You start resting.
HP restored.
Your +4 whip of flaming stops flaming.
Your +1 dagger of venom begins to drip with poison!
q - a +1 dagger of venom (weapon)
You climb downwards.
Level annotation: 1 runed translucent door, Flippered's ghost, amateur TeAE
There is a stone staircase leading up here.
Things that are here:
a +0 robe; an adder skeleton Duvessa, Sister of Dowan comes into view.
She is wielding a +2 rapier of speed and wearing a +3 leather armour of poison resistance.
Duvessa shouts!
Duvessa goes berserk!
You aren't carrying any items that you can evoke.
Unknown command.
You feel very mighty all of a sudden.
You puncture Duvessa!
Duvessa is lightly wounded.
Duvessa closely misses you.
Duvessa hits you with a +2 rapier of speed!
You puncture Duvessa!
Duvessa is moderately wounded.
You block Duvessa's attack.
Duvessa hits you with a +2 rapier of speed! x2
* * * LOW HITPOINT WARNING * * *
You aren't carrying any items that you can evoke.
Unknown command.
Okay, then.
Okay, then.
You aren't carrying any items that you can evoke.
Unknown command.
You barely miss Duvessa.
Duvessa is moderately wounded.
Duvessa barely misses you. x2
Okay, then.
You hit Duvessa.
Duvessa is moderately wounded.
Duvessa completely misses you.
Duvessa hits you with a +2 rapier of speed!!
You die...

### ##.## ##.#.##
########.###.######
........## ##..<..#
#####.##.###.#.##.#
# ##.#.##.##.#
##.###[#### ### #@#
####e### #......#
#.#...## ..>..#..#
##.?....## #...#...
..... .... ......
..#..


You could see Duvessa (berserk).

Vanquished Creatures
  Dowan (D:4)
  An orc priest (D:3)
  4 adders
  4 gnolls (D:2)
  3 worms
  5 orcs
  6 ball pythons
  2 endoplasms (D:1)
  2 giant cockroaches
  4 goblins
  3 hobgoblins
  6 jackals (D:1)
  8 kobolds
  7 bats
  2 frilled lizards
  3 rats (D:1)
61 creatures vanquished.

Notes
Turn   | Place    | Note
-------+----------+-------------------------------------------
     0 | D:1      | nono the Palentonga Fighter began the quest for the Orb.
     0 | D:1      | Reached XP level 1. HP: 19/19 MP: 1/1
   201 | D:1      | Found Nouvoen's Distillery.
   209 | D:1      | Bought a potion of degeneration for 12 gold pieces
   292 | D:1      | Reached XP level 2. HP: 22/25 MP: 2/2
   484 | D:1      | Found Viaps's Antique Weapon Shoppe.
   498 | D:1      | Found Weulitiepp's Assorted Antiques.
   521 | D:1      | Found Rudo's Armour Boutique.
   622 | D:1      | Found a faded altar of an unknown god.
   690 | D:1      | Found Himmiq's Antique Weapon Emporium.
  1217 | D:2      | Found Juosoepn's Vocational Training.
  1245 | D:2      | Reached XP level 3. HP: 23/31 MP: 3/3
  1480 | D:2      | Reached XP level 4. HP: 29/37 MP: 4/4
  2595 | D:3      | Reached XP level 5. HP: 32/44 MP: 5/5
  3111 | D:4      | Noticed Flippered's ghost (amateur TeAE)
  3111 | D:4      | Found a runed translucent door.
  3183 | D:4      | Noticed Dowan
  3206 | D:4      | Killed Dowan
  3207 | D:4      | Reached skill level 4 in Fighting
  3447 | D:4      | Noticed Duvessa
  3455 | D:4      | Mangled by Duvessa

Illustrated notes

Levels and vault maps discovered:
D:1:      saegor_arrival_miasma, layout_loops_corners, serial_shops, shop, shop,
          nicolae_shop_hallway_plus, shop, nicolae_shop_behind_doors,
          hellmonk_ecumenical_altar_inner_sanctum
D:2:      layout_basic, nicolae_shop_vocational
D:3:      layout_loops_cross, corexii_shack, corexii_shack,
          kennysheep_generic_room_14
D:4:      layout_loops_ring, nicolae_tso_carved_into_rock, elyvilon_altar_1,
          hellmonk_ghost_happy_afterlife, uniq_ijyb, uniq_duvessa

Skill      XL: |  1  2  3  4  5 |
---------------+----------------+-----
Shields        | 3 |  3.7
Armour         | 3 |  3.3
Maces & Flails | 3 |  3.4
Fighting       | 4 |  4.0

Action                   |  1- 3 |  4- 6 || total
-------------------------+-------+-------++-------
Melee: Flail             |   106 |    22 ||   128
       Tailslap          |     8 |    10 ||    18
       Whip              |       |    54 ||    54
       Dagger            |       |     4 ||     4
  Use: Potion            |     1 |     1 ||     2
Armor: Scale mail        |    59 |    36 ||    95
Dodge: Dodged            |    41 |    24 ||    65
Block: Buckler           |    29 |    17 ||    46

Table legend: (Time is in decaauts)
 A = Elapsed time spent in this place.
 B = Non-inter-level travel time spent in this place.
 C = Inter-level travel time spent in this place.
 D = Time resting spent in this place.
 E = Time spent auto-exploring this place.
 F = Levels seen in this place.
 G = Mean time per level.
                   A        B        C        D        E       F      G
               +--------+--------+--------+--------+--------+-----+--------+
         Total |   3493 |   3338 |    155 |    223 |   2617 |   4 |  873.2 |
       Dungeon |   3493 |   3338 |    155 |    223 |   2617 |   4 |  873.2 |
               +--------+--------+--------+--------+--------+-----+--------+

Top non-repeatable levels by time:
     D:2: 1183 daAuts
     D:3: 1130 daAuts
     D:1: 1105 daAuts
     D:4: 75 daAuts
